Cogmind - Beta 10.2 @@@ ROGUE MODE // 2021.03.11 @ 07:15:23 Player: MoonDog Result: Destroyed by S-10 Pest with Light Assault Rifle Performance ------------- Evolutions (1) 500 Regions Visited (3) 600 Robots Destroyed (7) 35 Value Destroyed (51) 51 Prototype IDs (0) 0 Alien Tech Used (0) 0 Bonus (0) 0 TOTAL SCORE: 1186 Bonus ------- None Cogmind --------- Core Integrity 0/400 Matter 213/300 Energy 96/100 System Corruption 0% Temperature Cool (0) Movement Core (50) Location -9/Mines Parts ------- > --- POWER (1) -------- (None) > --- PROPULSION (2) --- Wheel > --- UTILITY (4) ------ Hacking Suite > --- WEAPON (2) ------- Mining Claw > --- INVENTORY (4) ---- Light Ion Engine Small Storage Unit Improved Sensor Array Light Assault Rifle Peak State ------------ > --- POWER ------------ (None) > --- PROPULSION ------- Improved Aluminum Leg Wheel > --- UTILITY ---------- Improved Sensor Array Hacking Suite > --- WEAPON ----------- Mining Claw > --- INVENTORY -------- Small Storage Unit Light Assault Rifle [Rating: 9] Favorites ----------- Power Light Ion Engine Engine Light Ion Engine Propulsion Wheel Leg Improved Aluminum Leg Wheel Wheel Flight Unit Flight Unit Utility Hacking Suite Device Improved Sensor Array Storage Small Storage Unit Hackware Hacking Suite Weapon Mining Claw Energy Gun Medium Laser Ballistic Gun Light Assault Rifle Slashing Weapon Mining Claw Build | -11 -10 -9 -9 ------- Run | Scr Mat Mat Min Slots Evolved 2 | . . 2 . Power . | . . . . Propulsion . | . . . . Utility 2 | . . 2 . Weapon . | . . . . Parts Attached 26 | 7 11 5 3 Power 1 | . 1 . . Engine 1 | . 1 . . Core . | . . . . Reactor . | . . . . Propulsion 9 | 2 3 2 2 Treads . | . . . . Leg 1 | . . 1 . Wheel 7 | 2 2 1 2 Hover . | . . . . Flight 1 | . 1 . . Utility 6 | 1 3 1 1 Device 4 | 1 2 1 . Storage 1 | . . . 1 Processor . | . . . . Hackware 1 | . 1 . . Protection . | . . . . Artifact . | . . . . Weapon 10 | 4 4 2 . Energy Gun 5 | 3 2 . . Energy Cannon . | . . . . Ballistic Gun 3 | 1 1 1 . Ballistic Cannon . | . . . . Launcher . | . . . . Special Weapon . | . . . . Impact Weapon . | . . . . Slashing Weapon 2 | . 1 1 . Piercing Weapon . | . . . . Special Melee Weapon . | . . . . Unidentified Prototypes . | . . . . Parts Lost 8 | . 6 . 2 Power 1 | . 1 . . Propulsion 4 | . 2 . 2 Utility 1 | . 1 . . Weapon 2 | . 2 . . Highest Loss Streak 4 | . 4 . 1 Average Slot Usage (%) 49 | . 57 52 37 Leg 3 | . . 9 3 Wheel 13 | . 18 11 11 Device 6 | . 9 8 . Hackware 11 | . 11 11 11 Energy Gun 2 | . 7 . . Ballistic Gun 1 | . 3 1 . Slashing Weapon 8 | . 4 11 11 Naked Turns . | . . . . Heaviest Build 7 | 4 3 3 7 Greatest Support 13 | 3 4 3 13 Greatest Overweight (x) 1 | 1 . . . Average Overweight (x) . | . . . . Largest Inventory Capacity 6 | 4 4 4 6 Average Capacity 4 | 4 4 4 4 Most Carried 4 | 4 4 2 4 Average Carried 2 | 2 3 1 3 Final Capacity 4 | 4 4 4 4 Final Carried 4 | 4 3 2 4 Class Distribution -------------------- 100% | Mutant Dominant Class ---------------- Mutant | -10/Materials Mutant | -9/Materials Mutant | -9/Mines Resources | -11 -10 -9 -9 ----------- Run | Scr Mat Mat Min Matter Collected 348 | 272 31 . 45 Remotely 84 | 74 10 . . Salvage Created 184 | 98 41 . 45 Parts 16 | 5 6 . 5 Haulers Intercepted . | . . . . Recyclers Shooed 1 | . 1 . . Parts Field Recycled . | . . . . Retrieved Matter . | . . . . Parts Self-Destructed . | . . . . Prevented . | . . . . Kills | -11 -10 -9 -9 ------- Run | Scr Mat Mat Min Combat Hostiles Destroyed 2 | . 2 . . Guns 2 | . 2 . . Classes Destroyed 5 | 2 2 . 1 Worker 2 | . . . 2 Tunneler 1 | 1 . . . Recycler 1 | 1 . . . Operator 1 | . 1 . . Swarmer 2 | . 2 . . Best Kill Streak 2 | 2 2 . 1 Combat Bots Only 2 | . 2 . . Max Kills in Single Turn 1 | 1 1 . 1 Gunslinging . | . . . . Exploded . | . . . . Melee . | . . . . Uniques/NPCs Destroyed . | . . . . Combat | -11 -10 -9 -9 -------- Run | Scr Mat Mat Min Damage Taken 1150 | . 523 9 618 Core 637 | . 235 . 402 Absorbed by Shields . | . . . . Core Remaining (%) 53 | 100 6 . . Volleys Fired 20 | 2 18 . . Largest 2 | 2 2 . . Hottest 70 | 70 70 . . Shots Fired 29 | 4 25 . . Gun 29 | 4 25 . . Cannon . | . . . . Launcher . | . . . . Special . | . . . . Kinetic 18 | 2 16 . . Thermal 11 | 2 9 . . Explosive . | . . . . Electromagnetic . | . . . . Robot Hit Streak 9 | 4 9 . . Robot Miss Streak 3 | . 3 . . Penetration Max . | . . . . Secondary Targets . | . . . . Shots Hit Robots 21 | 4 14 . 3 Core Hits 10 | 3 5 . 2 Critical Hits . | . . . . Critical Kills . | . . . . Critical Parts Destroyed . | . . . . Melee Attacks 27 | . 4 11 12 Impact . | . . . . Slashing 27 | . 4 11 12 Piercing . | . . . . Sneak Attacks 2 | . . . 2 Combat Hostiles . | . . . . Follow-up Attacks . | . . . . Damage Inflicted 372 | 44 153 . 175 Guns 182 | 44 138 . . Cannons . | . . . . Explosions . | . . . . Melee 175 | . . . 175 Ramming 15 | . 15 . . Kinetic 82 | 19 63 . . Thermal 100 | 25 75 . . Explosive . | . . . . Electromagnetic . | . . . . Impact . | . . . . Slashing 175 | . . . 175 Piercing . | . . . . Highest Corruption 3 | . 3 . . Average Corruption 2 | . 2 . . Corruption Purged . | . . . . Effects 1 | . 1 . . Heat Flow Errors 1 | . 1 . . Overload Shots . | . . . . Overflow Damage 5 | . . . 5 Projectiles . | . . . . Explosions . | . . . . Melee 5 | . . . 5 Knockbacks . | . . . . Impact . | . . . . Kinetic . | . . . . Secondary . | . . . . Self-Inflicted Damage 6 | . 6 . . Shots . | . . . . Rammed 3 | . 3 . . Targets Rammed 3 | . 3 . . Kicked . | . . . . Crushed . | . . . . Highest Temperature 197 | 20 197 . . Average Temperature 51 | 15 55 . . Received Heat Transfer 441 | . 171 . 270 Siege Activations . | . . . . Robots Corrupted . | . . . . Combat Hostiles . | . . . . Parts Fried . | . . . . Impact Corruptions . | . . . . Robots Melted . | . . . . Combat Hostiles . | . . . . Parts Melted . | . . . . Heat Transferred 296 | 74 222 . . Parts Sabotaged . | . . . . Parts Stolen . | . . . . Parts Stripped . | . . . . Power Chain Reactions . | . . . . Missiles Intercepted . | . . . . Alert | -11 -10 -9 -9 ------- Run | Scr Mat Mat Min Peak Influence 258 | 10 233 152 258 Initial 87 | . 6 87 58 Average 96 | 5 71 123 126 Maximum Alert Level 1 | . 1 . 1 Low Security (%) 86 | 100 78 100 79 Level 1 13 | . 21 . 20 Level 2 . | . . . . Level 3 . | . . . . Level 4 . | . . . . Level 5 . | . . . . High Security . | . . . . Max Security . | . . . . Squads Dispatched 1 | . 1 . . Investigation . | . . . . Extermination . | . . . . Reinforcement 1 | . 1 . . Assault . | . . . . Garrison . | . . . . Intercept . | . . . . Construction Impeded . | . . . . Haulers Reinforced . | . . . . Stealth | -11 -10 -9 -9 --------- Run | Scr Mat Mat Min Distress Signals 2 | . 1 1 . Communications Jammed . | . . . . Distress Signals . | . . . . Times Spotted 42 | . 19 5 18 Peak Tracking Total 10 | . 10 4 8 Tactical Retreats 9 | . 3 1 5 Traps | -11 -10 -9 -9 ------- Run | Scr Mat Mat Min Traps Triggered 4 | . 4 . . Indirectly . | . . . . Trap Hack Attempts . | . . . . Triggered . | . . . . Disarmed . | . . . . Reprogrammed . | . . . . Reused . | . . . . Traps Extracted . | . . . . Installed . | . . . . Triggered . | . . . . Machines | -11 -10 -9 -9 ---------- Run | Scr Mat Mat Min Machines Disabled . | . . . . Max in Single Turn . | . . . . Machines Sabotaged . | . . . . Garrisons Compromised . | . . . . Overloaded Fab Kills . | . . . . Fab Network Shutdowns . | . . . . Hacking | -11 -10 -9 -9 --------- Run | Scr Mat Mat Min Machines Accessed 4 | . 3 1 . Terminals 4 | . 3 1 . Fabricators . | . . . . Repair Stations . | . . . . Recycling Units . | . . . . Scanalyzers . | . . . . Garrison Access . | . . . . Total Hacks 17 | . 11 6 . Successful 7 | . 5 2 . Failed 10 | . 6 4 . Catastrophic . | . . . . Database Lockouts . | . . . . Manual 13 | . 9 4 . Terminals 17 | . 11 6 . Fabricators . | . . . . Repair Stations . | . . . . Recycling Units . | . . . . Scanalyzers . | . . . . Garrison Access . | . . . . Terminal Hacks 4 | . 3 1 . Terminal Index 2 | . 1 1 . Recall Investigation 1 | . 1 . . Zone Layout 1 | . 1 . . Fabricator Hacks . | . . . . Repair Station Hacks . | . . . . Recycling Unit Hacks . | . . . . Scanalyzer . | . . . . Garrison Access Hacks . | . . . . Unauthorized Hacks 3 | . 2 1 . Terminals 3 | . 2 1 . Botnet 3 | . 2 1 . Fabricators . | . . . . Repair Stations . | . . . . Recycling Units . | . . . . Scanalyzers . | . . . . Garrison Access . | . . . . Data Cores Recovered . | . . . . Used . | . . . . Hacking Detections 4 | . 3 1 . Full Trace Events . | . . . . Feedback Events . | . . . . Feedback Blocked . | . . . . Robot Schematics Acquired . | . . . . Robots Built . | . . . . Matter . | . . . . Time . | . . . . Total Robot Build Rating . | . . . . Part Schematics Acquired . | . . . . Parts Built . | . . . . Matter . | . . . . Time . | . . . . Total Part Build Rating . | . . . . Parts Repaired . | . . . . Time . | . . . . Parts Recycled . | . . . . Recycled Matter . | . . . . Retrieved Matter . | . . . . Retrieved Components . | . . . . Parts Scanalyzed . | . . . . Part Schematics Acquired . | . . . . Parts Damaged . | . . . . Bothacking | -11 -10 -9 -9 ------------ Run | Scr Mat Mat Min Used RIF Installer . | . . . . Robots Hacked . | . . . . Non-combat . | . . . . Combat . | . . . . Robot Hacks Applied . | . . . . Relay Couplers Released . | . . . . Robots Rewired . | . . . . Allies Hacked . | . . . . Hacks Repelled . | . . . . Allies | -11 -10 -9 -9 -------- Run | Scr Mat Mat Min Total Allies . | . . . . Largest Group . | . . . . Highest-Rated Group . | . . . . Highest-Rated Ally . | . . . . Total Orders . | . . . . Ally Attacks . | . . . . Total Damage . | . . . . Kills . | . . . . Allies Corrupted . | . . . . Allies Melted . | . . . . Intel | -11 -10 -9 -9 ------- Run | Scr Mat Mat Min Robot Analysis Total . | . . . . Derelict Logs Recovered 1 | . . . 1 Drone Launches . | . . . . Drone Recoveries . | . . . . Exploration | -11 -10 -9 -9 ------------- Run | Scr Mat Mat Min Turns Passed 592 | 53 202 156 181 Spaces Moved 636 | 57 194 173 212 Core 625 | 57 190 173 205 Treads . | . . . . Legs 7 | . . . 7 Wheels . | . . . . Hover . | . . . . Flight 4 | . 4 . . Fastest Speed 40 | 50 40 50 50 Average Speed 51 | 56 49 50 52 Slowest Speed 120 | 100 50 50 120 Overloaded Moves . | . . . . Propulsion Burnouts . | . . . . Robots Hopped 1 | . 1 . . Cave-ins Triggered . | . . . . Exploration Rate (%) 28 | 4 33 13 65 Regions Visited 3 Branch Regions 1 Pre-discovered Areas 1 | . . . 1 Known Exits Taken . | . . . . Unknown Exits Taken 3 | 1 1 1 . Scrap Searched . | . . . . Spaces Dug 20 | . 1 11 8 Terrain Destroyed 20 | . 1 11 8 Melee 20 | . 1 11 8 Projectile . | . . . . AOE . | . . . . Terrain Rammed . | . . . . Walls Destroyed . | . . . . Machines Disabled . | . . . . Actions | -11 -10 -9 -9 --------- Run | Scr Mat Mat Min Total 815 | 72 265 218 260 Wait 91 | 1 32 29 29 Move 631 | 56 191 172 212 Hop 1 | . 1 . . Pick Up 6 | 3 2 . 1 Fast Attach 18 | 6 7 3 2 Attach 6 | 1 2 2 1 Detach 6 | 2 1 1 2 Swap 2 | . 2 . . Drop 4 | 1 2 . 1 Fire 20 | 2 18 . . Melee 27 | . 4 11 12 Ram 3 | . 3 . . Kick . | . . . . Crush . | . . . . Escape Stasis . | . . . . Rewire . | . . . . Trap . | . . . . Miscellaneous . | . . . . Route ------- -11/Scrapyard -10/Materials -9/Materials -9/Mines (discovered 1 exit: [*Zio]) History --------- Turn | Location | Event 16 | -11/Scrapyard | Discovered new exit (range 14) 54 | -11/Scrapyard | Entered Materials 246 | -10/Materials | Core integrity fell below 50% 250 | -10/Materials | Core integrity fell below 20% 253 | -10/Materials | Discovered new exit (range 8) 256 | -10/Materials | Entered another Materials area 256 | -9/Materials | Evolved 2 slots: Utility x2 277 | -9/Materials | Lost 4 parts (1p1n2w) 307 | -9/Materials | Build established: Mutant 401 | -9/Materials | Discovered new exit (range 7) 412 | -9/Materials | Entered Mines 420 | -9/Mines | Met a Derelict bent on vengeance 431 | -9/Mines | Learned location of Zion (-7) 466 | -9/Mines | Core integrity fell below 50% 470 | -9/Mines | Core integrity fell below 20% 572 | -9/Mines | A Derelict revealed a hidden shortcut to a safe place 593 | -9/Mines | Destroyed by S-10 Pest with Light Assault Rifle Last Messages --------------- 00502_ Acquired Wheel. 00503_ Acquired 21 matter. 00504_ K-01 Serf collects debris. 00504_ Acquired Wheel. 00507_ Acquired Lgt. Ion Engine. 00507_ R-06 Scavenger collects Med. Matter Pod. 00508_ K-01 Serf collects debris. 00553_ Sneak attack on K-01 Serf. 00553_ K-01 Serf destroyed. 00556_ Acquired 24 matter. 00557_ The unstable cave ceiling collapses. 00560_ U-05 Engineer builds a Wall. 00572_ A derelict emerges from the shadows: "It's not safe here! Let me show you to a place where you won't have to worry about staying in one piece!" K5-V6E(z) disappears into a concealed tunnel. 00575_ S-10 Pest destroyed. 00589_ Q2-ZXZ(g) destroyed. 00591_ Dropped Wheel. 00592_ Destroyed Lgt. Ion Engine. Map ----- +----------------------------------------------------+ | | | | | | | | | | | ????????????????????????????????????? | | ????????????????????????????????????? | | ???????????????????????????????####?# | | ??????????????????????????????## ### | | ????????????????????########### | | ????# ??????????????# "" | | ????# ??????????????# "" | | ????# ?????????????# ########### "" | | ????# ????????###### #?????????## | | ????# ####????# #??????????## | | ????# ##??# ######???????????# | | ????# #??# #????????????????## | | ?????# ##?# ###???????????????## | | ?????# ### ##???????????????? | | ??#### =%* ####????????????? | | ?## > = #????????????? | | ?# #???????????? | | ?# ##### #?????????? | | ?## ##????# #????????? | | ??##### sss##?????### #????????# | | ??????## ! @#????????## ##???????## | | ???????## #??????????###????????# | | ????????# #?????????????????????# | | ????????# #?????????????????????## | | ????????## ##??????????????????????# | | ?????????####???????????????????????? | | ????????????????????????????????????? | | ????????????????????????????????????? | | ????????????????????????????????????? | | ????????????????????????????????????? | | ????????????????????????????????????? | | ????????????????????????????????????? | | ????????????????????????????????????? | | ????????????????????????????????????? | | ????????????????????????????????????? | | ????????????????????????????????????? | | ????????????????????????????????????? | | ????????????????????????????????????? | | ????????????????????????????????????# | | ???????????????????????????????????## | | ??????????????????????????????????## | | ??????????????????????????????????# | | ??????????????????????????????????# | | ??????????????????????????????????## | | ???????????????????????????????????## | +----------------------------------------------------+ Best States ------------- Heat Dissipation 28 Energy Generation 10 Energy Capacity 125 Matter Stores 300 Matter Capacity 300 Sight Range 16 Robot Scan Range 13 Terrain Scan Density 10 Evasion (%) 50 Offensive Hacking 10 Item Schematics ----------------- None Robot Schematics ------------------ None Fabricated ------------ Nothing Alien Tech Used ----------------- None Achievements -------------- None Challenges ------------ None Game ------ Seed DerelictChainElectrolaser Manual? 0 Play Time 00:13:41 Cumulative 115.2 hours Start 2021.03.11 @ 07:04:31 End 2021.03.11 @ 07:15:23 Sessions 1 Manual Loads 0 Difficulty Rogue Special Mode None Game No. 91 Rogue 91 Adventurer 0 Explorer 0 Win Type - Total 1 Types 1/0/0/0/0/0/0/0/0 Lore% 40 Gallery% 57 Achievement% 46 Wizard Run 0 Options --------- ASCII 0 Keyboard 0 Movement Numpad Keybinds 0 Fullscreen 0 Font 14/Cog Map View 76x50 Tactical HUD 1 Map Filters NONE Filters NONE Steam 1 RUN: d1c62fce-7680-4c25-9e86-0b2e403238a5